 Dungeon Crawl Stone Soup version 0.27.1-1-g398f81649c (webtiles) character file.

Game seed: 9119599783871703645

4 MajorAdolf the Grasshopper (level 1, 0/18 HPs)
             Began as a Naga Wanderer on Sept 12, 2021.
             Slain by a bat (1 damage)
             ... on level 1 of the Dungeon.
             The game lasted 00:00:33 (291 turns).

MajorAdolf the Grasshopper (Naga Wanderer)           Turns: 291, Time: 00:00:33

Health: 0/18       AC:  1    Str: 11    XL:     1   Next: 70%
Magic:  3/3        EV:  9    Int: 15    God:
Gold:   0          SH:  0    Dex: 10    Spells: 4/4 levels left

rFire    . . .     SeeInvis +   a - +0 club
rCold    . . .     Faith    .   (no shield)
rNeg     . . .     Spirit   .   b - +0 robe
rPois    +         Reflect  .   (no helmet)
rElec    .         Harm     .   (no cloak)
rCorr    .         Rampage  .   (no gloves)
Will     .....                  (no barding)
Stlth    +.........             (no amulet)
HPRegen  0.06/turn              (no ring)
MPRegen  0.08/turn              (no ring)

@: short of breath, very slow
A: AC +0, large, see invisible, deformed body, poison resistance, slowness 2,
spit poison 1, naga tail 1
a: Spit Poison


You were on level 1 of the Dungeon.
You visited 1 branch of the dungeon, and saw 1 of its levels.

Inventory:

Hand Weapons
 a - a +0 club (weapon)
Armour
 b - a +0 robe (worn)
Scrolls
 c - a scroll of teleportation


   Skills:
 + Level 1.1 Fighting
 - Level 1.0 Throwing
 - Level 2.0 Spellcasting
 - Level 1.0 Summonings
 - Level 3.0 Translocations
 - Level 2.0 Ice Magic
 - Level 1.0 Evocations


You had 4 spell levels left.
You didn't know any spells.
Your spell library contained the following spells:

 Spells                   Type           Power      Damage    Failure   Level
 Apportation              Tloc           20%        N/A       6%          1
 Freeze                   Ice            28%        1d5       10%         1
 Blink                    Tloc           N/A        N/A       10%         2
 Teleport Other           Tloc           10%        N/A       19%         3
 Magic Dart               Conj           4%         1d3       22%         1
 Call Imp                 Summ           4%         N/A       22%         2
 Frozen Ramparts          Ice            14%        1d3       28%         3
 Slow                     Hex            1%         N/A       32%         2
 Conjure Flame            Conj/Fire      1%         6-21      54%         3
 Mephitic Cloud           Conj/Pois/Air  1%         N/A       54%         3
 Hailstorm                Conj/Ice       4%         3d4       82%         4


Dungeon Overview and Level Annotations

Branches:
Dungeon (1/15)

Altars:


Innate Abilities, Weirdness & Mutations

Your serpentine skin is tough. (AC +0)
You have supernaturally acute eyesight. (SInv)
Armour fits poorly on your strangely shaped body.
Your system is resistant to poisons. (rPois)
You cover ground very slowly.
You can spit poison.
You have a snake-like lower body.


Message History

The bat barely misses you.
You miss the bat. The bat hits you but does no damage. The bat hits you.
You barely miss the bat.
You have got your breath back.
The bat barely misses you. The bat completely misses you.
The bat hits you but does no damage.
You barely miss the bat. The bat closely misses you.
The jackal closely misses you.
Press: ? - help, Shift-Dir - straight line, f/p - jackal
Aim: a jackal The splash of poison hits the jackal!
The jackal is poisoned.
You kill the jackal!
The bat hits you.
A rat comes into view.
Your Fighting skill increases to level 1!
Unknown command.
The bat hits you but does no damage. The bat barely misses you.
You closely miss the bat. The bat hits you. The bat barely misses you.
You barely miss the bat. The bat closely misses you.
The bat completely misses you. The bat hits you but does no damage.
You barely miss the hobgoblin. The bat hits you but does no damage.
The hobgoblin hits you.
You hit the hobgoblin.
The hobgoblin is moderately wounded.
You have got your breath back.
The hobgoblin closely misses you. The bat closely misses you.
Press: ? - help, Shift-Dir - straight line, f - hobgoblin
Aim: a hobgoblin (moderately wounded)
The splash of poison misses the hobgoblin.
The bat hits you. The hobgoblin hits you. The rat bites you.
Unknown command.
You hit the hobgoblin.
The hobgoblin is almost dead.
The bat barely misses you. x2; The hobgoblin hits you.
* * * LOW HITPOINT WARNING * * *
The rat bites you but does no damage. The hobgoblin hits you.
* * * LOW HITPOINT WARNING * * *
Unknown command.
The bat hits you.
You die...

#...# #....#
##...###....######
.................###
...................#
.(.................#
##...###.......###.##
#...# #.....÷g#r#..#
#...# #......#b8.#
##### ######.†#@#...#
##.###.....
#......... #.....!..
......... ##........
......... #........
#.....#.#


You could see a hobgoblin, a bat and a rat.

Vanquished Creatures
  3 jackals (D:1)
  A frilled lizard (D:1)
4 creatures vanquished.

Notes
Turn   | Place    | Note
-------+----------+-------------------------------------------
     0 | D:1      | MajorAdolf the Naga Wanderer began the quest for the Orb.
     0 | D:1      | MajorAdolf set off with the following items: a +0 club, a
                  | +0 robe, a scroll of teleportation; and the following
                  | spells available to memorise: Apportation, Blink, Teleport
                  | Other, Magic Dart, Call Imp, Slow, Conjure Flame, Mephitic
                  | Cloud
     0 | D:1      | Reached XP level 1. HP: 15/15 MP: 3/3
   284 | D:1      | Reached skill level 1 in Fighting
   291 | D:1      | Slain by a bat

Illustrated notes

Levels and vault maps discovered:
D:1:      minmay_arrival_hallway, layout_rooms, serial_corexii_hall,
          corexii_hall_statues_i, chequers_hall_statues_y, serial_shops,
          nicolae_lakefront_shop, grunt_decor_one_mirror

Skill      XL: |  1 |
---------------+----+-----
Fighting       | 1 |  1.1
Throwing       | |  1.0
Spellcasting   | |  2.0
Summonings     | |  1.0
Translocations | |  3.0
Ice Magic      | |  2.0
Evocations     | |  1.0

Action                   || total
-------------------------++-------
Melee: Club              ||    19
 Abil: Spit Poison       ||     8
Armor: Robe              ||     6
Dodge: Dodged            ||    29
